 Dungeon Crawl Stone Soup version 0.31-a0-986-g5e6e4ef867 (webtiles) character file.

Game seed: 13026289875117075640

296895 zenocrate the Thaumaturge (level 20, -4/142 HPs)
             Began as an Octopode Ice Elementalist on Nov 17, 2023.
             Was an Initiate of Gozag.
             Killed by divine providence
             ... invoked by Saint Roka
              (9 damage)
             ... on level 1 of the Vaults on Nov 19, 2023.
             The game lasted 02:40:09 (57335 turns).

zenocrate the Thaumaturge (OpIE)                   Turns: 57335, Time: 02:40:09

Health: -4/142     AC: 24    Str: 15    XL:     20   Next: 92%
Magic:  25/38      EV: 25    Int: 34    God:    Gozag
Gold:   254        SH: 11    Dex: 27    Spells: 2/47 levels left

rFire   + . .        a - staff of conjuration
rCold   . . .        o - +1 buckler
rNeg    . . .        m - +0 mask of the Dragon {Will+ Slay+3 SInv}
rPois   +            g - amulet of magic regeneration
rElec   +            U - ring of protection from cold
rCorr   +            H - ring of Ycuomnyo {Drain rCorr Str+5 Dex+6}
SInv    +            B - ring of a Billion Artists {rElec AC+4 Dex+3}
Will    +++++        p - ring of fire
Stlth   +++++        F - +4 ring of protection
HPRegen 0.43/turn    I - ring of Faabruat {Str+7 Int+6}
MPRegen 0.66/turn    G - ring of Tomaate {Will+++ Str-4 Int+6 Dex+3}
                     J - ring of the Octopus King {rCorr HP+2 AC+2 EV+2 SH+2}

%: no passive effects
@: brilliant, ice-armoured, on berserk cooldown, freezing walls, very slightly
contaminated, hasted and slowed, studying 2 skills
A: almost no armour, amphibious, 8 rings, camouflage 1, gelatinous body 1,
(nimble swimmer 1), tentacles, dopey 1, poison resistance, wild magic 1
}: 2/15 runes: serpentine, barnacled
a: Renounce Religion, Potion Petition, Call Merchant, Bribe Branch


You were on level 1 of the Vaults.
You worshipped Gozag.
Gozag was aware of your devotion.
You visited 8 branches of the dungeon, and saw 34 of its levels.
You also visited: Gauntlet.

You collected 15600 gold pieces.
You spent 8026 gold pieces at shops.
You paid 7320 gold pieces to Gozag.

Inventory:

Missiles
 k - 13 throwing nets
Armour
 m - the +0 mask of the Dragon (worn) {Will+ Slay+3 SInv}
   (You bought it in a shop on level 14 of the Dungeon)

   Slay+3:    It affects your accuracy & damage with ranged weapons and melee
   (+3).
   Will+:     It increases your willpower.
   SInv:      It lets you see invisible.
 o - a +1 buckler (worn)
Magical Staves
 a - a staff of conjuration (weapon)
 b - a staff of cold
Jewellery
 g - an amulet of magic regeneration (around mantle)
 p - a ring of fire (on tentacle)
 s - a ring of ice
 B - the ring of a Billion Artists (on tentacle) {rElec AC+4 Dex+3}
   (You bought it in a shop on level 3 of the Dungeon)

   [ring of protection]

   AC+4:      It affects your AC (+4).
   Dex+3:     It affects your dexterity (+3).
   rElec:     It insulates you from electricity.
 F - a +4 ring of protection (on tentacle)
 G - the ring of Tomaate (on tentacle) {Will+++ Str-4 Int+6 Dex+3}
   (You bought it in a shop on level 1 of the Lair of Beasts)

   [ring of intelligence]

   Str-4:     It affects your strength (-4).
   Int+6:     It affects your intelligence (+6).
   Dex+3:     It affects your dexterity (+3).
   Will+++:   It greatly increases your willpower.
 H - the ring of Ycuomnyo (right tentacle) {Drain rCorr Str+5 Dex+6}
   (You found it on level 13 of the Dungeon)

   [ring of dexterity]

   Str+5:     It affects your strength (+5).
   Dex+6:     It affects your dexterity (+6).
   rCorr:     It protects you from acid and corrosion.
   Drain:     It drains your maximum health when unequipped.
 I - the ring of Faabruat (on tentacle) {Str+7 Int+6}
   (You bought it in a shop on level 1 of the Lair of Beasts)

   [ring of intelligence]

   Str+7:     It affects your strength (+7).
   Int+6:     It affects your intelligence (+6).
 J - a ring of the Octopus King (on tentacle) {rCorr HP+2 AC+2 EV+2 SH+2}
   (You found it in a Gauntlet)

   [ring of resist corrosion]

   AC+2:      It affects your AC (+2).
   EV+2:      It affects your evasion (+2).
   HP+2:      It affects your health (+2).
   rCorr:     It protects you from acid and corrosion.
   SH+2:      It affects your SH (+2).
 Q - a ring of protection from fire
 S - a ring of positive energy
 U - a ring of protection from cold (left tentacle)
Wands
 c - a wand of roots (4)
 x - a wand of paralysis (40)
 R - a wand of digging (12)
 T - a wand of flame (45)
Scrolls
 d - 3 scrolls of poison
 i - 2 scrolls of enchant weapon
 j - 3 scrolls of fear
 l - 2 scrolls of revelation
 q - 6 scrolls of immolation
 r - a scroll of silence
 y - a scroll of blinking
 A - 2 scrolls of torment
 X - 3 scrolls of vulnerability
 Y - 4 scrolls of fog
Potions
 e - 5 potions of haste
 f - 3 potions of resistance
 h - 2 potions of mutation
 t - a potion of ambrosia
 u - 2 potions of cancellation
 v - 2 potions of might
 z - 7 potions of brilliance
 D - 3 potions of berserk rage
 E - 4 potions of enlightenment
 K - 13 potions of curing
 P - 3 potions of invisibility


   Skills:
 - Level 13.3 Fighting
 - Level 10.3 Dodging
 - Level 6.6 Stealth
 - Level 10.4 Shields
 * Level 7.9 Unarmed Combat
 + Level 14.3 Spellcasting
 + Level 13.0 Conjurations
 - Level 6.6 Summonings
 - Level 5.0 Translocations
 - Level 11.9 Fire Magic
 + Level 13.9 Ice Magic
 - Level 7.6 Air Magic
 - Level 7.6 Evocations
 + Level 9.4 Shapeshifting


You had 2 spell levels left.
You knew the following spells:

 Your Spells              Type           Power      Damage    Failure   Level
a - Fireball              Conj/Fire      85%        3d31      1%          5
b - Frozen Ramparts       Ice            100%       1d16      1%          3
c - Ozocubu's Armour      Ice            100%       N/A       1%          3
d - Ozocubu's Refrigerat  Ice            62%        4d21      9%          7
e - Summon Lightning Spi  Summ/Air       97%        N/A       2%          4
f - Starburst             Conj/Fire      85%        6d21      3%          6
g - Dispersal             Tloc           42%        N/A       45%         6
h - Plasma Beam           Fire/Air       66%        2x1d83    9%          6
x - Blink                 Tloc           100%       N/A       1%          2
y - Swiftness             Air            99%        N/A       1%          3

Your spell library contained the following spells:

 Spells                   Type           Power      Damage    Failure   Level
 Freeze                   Ice            100%       1d10      1%          1
 Call Imp                 Summ           100%       N/A       1%          2
 Lesser Beckoning         Tloc           100%       N/A       1%          2
 Momentum Strike          Conj/Tloc      100%       3d10      1%          2
 Poisonous Vapours        Pois/Air       100%       N/A       1%          2
 Static Discharge         Conj/Air       100%       3-8/arc   1%          2
 Cigotuvi's Dreadful Rot  Necr/Pois/Air  100%       N/A       2%          2
 Gell's Gravitas          Tloc           85%        N/A       1%          3
 Teleport Other           Tloc           85%        N/A       1%          3
 Volatile Blastmotes      Fire/Tloc      100%       2d18      1%          3
 Airstrike                Air            49%        2d(8-24)  1%          4
 Iskenderun's Mystic Bla  Conj/Tloc      100%       2d19      1%          4
 Summon Ice Beast         Ice/Summ       100%       N/A       1%          4
 Iskenderun's Battlesphe  Conj           100%       2d15      1%          5
 Brom's Barrelling Bould  Conj/Erth      100%       2d11      2%          4
 Fulminant Prism          Conj/Hex       58%        3d24      2%          4
 Summon Guardian Golem    Hex/Summ       75%        N/A       3%          3
 Manifold Assault         Tloc           85%        N/A       4%          4
 Passage of Golubria      Tloc           85%        N/A       4%          4
 Metabolic Englaciation   Hex/Ice        48%        N/A       5%          5
 Conjure Ball Lightning   Conj/Air       67%        3x3d25    7%          6
 Summon Forest            Summ/Tloc      45%        N/A       9%          5
 Tukima's Dance           Hex            47%        N/A       10%         3
 Orb of Destruction       Conj           73%        9d17      13%         7
 Summon Mana Viper        Hex/Summ       75%        N/A       21%         5
 Petrify                  Tmut/Erth      47%        N/A       28%         4
 Summon Cactus Giant      Summ           47%        N/A       28%         6
 Lee's Rapid Deconstruct  Erth           23%        3d13*     58%         5
 Yara's Violent Unravell  Hex/Tmut       23%        3d10      58%         5
 Summon Hydra             Summ           47%        N/A       82%         7
 Eringya's Noxious Bog    Tmut/Pois      23%        4d6       98%         6
 Disjunction              Tloc           42%        N/A       100%        8
 Lehudib's Crystal Spear  Conj/Erth      58%        10d13     100%        8
 Dragon's Call            Summ           47%        N/A       100%        9
 Animate Armour           Summ/Erth      Unusable   N/A       N/A         4

Dungeon Overview and Level Annotations

Branches:
Dungeon (15/15)            Temple (1/1) D:6            Lair (5/5) D:9
 Shoals (4/4) Lair:2        Snake (4/4) Lair:3        Slime (0/5) Lair:5
    Orc (2/2) D:10            Elf (2/3) Orc:2        Vaults (1/5) D:14
Gauntlet (visited)
 Depths: D:15

Altars:
Ashenzari
Cheibriados
Dithmenos
Elyvilon
Fedhas
Gozag
Hepliaklqana
Kikubaaqudgha
Makhleb
Nemelex Xobeh
Okawaru
Qazlal
Ru
Sif Muna
Trog
Uskayaw
Vehumet
Wu Jian
Xom
Yredelemnul
Zin
The Shining One
Jiyva

Shops:
D:3 *   D:10 !   D:11 !   D:14 ([((=   Orc:2 =[(*(   Elf:1 (:[::
Lair:1 ?*:=!*   Snake:4 (*

Annotations:
D:12 5 transporters
Lair:2 4 transporters, Hokhlit's ghost, journeyman MiBe
Shoals:1 3 runed translucent doors, Qoegeopn's ghost, journeyman DsCj
Elf:2 1 runed translucent door, Seka's ghost, adept OpSh
Vaults:1 Saint Roka


Innate Abilities, Weirdness & Mutations

You cannot wear most types of armour.
You are amphibious.
You can wear up to eight rings at the same time.
Your skin changes colour to match your surroundings (Stealth+).
Your rubbery body absorbs attacks. (AC +1, EV +1)
((You are camouflaged when in or above water. (Stealth+)))
You have tentacles for arms and can constrict up to eight enemies at once.
You are dopey. (Int -2)
Your system is resistant to poisons. (rPois)
Your spells are a little harder to cast, but a little more powerful.


Message History

The yaktaur is distracted by your dazzling golden aura.
Casting: Summon Lightning Spire (mildly dangerous; 2% risk of failure)
Confirm with . or Enter, or press ? or * to list all spells.
You feel a surge of power! A film of ice covers your body!
The vault warden shouts!
The vault warden is no longer distracted by gold.
The yaktaur is no longer distracted by gold.
The wall freezes the slime creature!
The wall freezes the vault warden but does no damage.
You block the vault warden's attack.
Saint Roka roars a battlecry!
The orc wizard goes into a battle-frenzy!
The wall freezes the yaktaur!
The wall freezes the slime creature!
You feel better.
The wall freezes the vault warden!
You block the vault warden's attack.
The wall freezes the yaktaur but does no damage.
The orc wizard gestures wildly while chanting.
The orc wizard flickers and vanishes for a moment.
The wall freezes the slime creature!
The wall freezes the vault warden.
The vault warden hits you with a +0 broad axe!!
* * * LOW HITPOINT WARNING * * *
Saint Roka calls down the wrath of Beogh upon you.
Beogh smites you!
* * * LOW HITPOINT WARNING * * *
The wall freezes the yaktaur! [a] - 405 gold - haste and heal wounds [b] - 672 gold - heal wounds, berserk rage, resistance and invisibility [c] - 290 gold - heal wounds and berserk rage Purchase which effect?
You no longer have enough gold to petition Gozag for potion effects.
You feel yourself speed up.
You feel much better.
The wall freezes the slime creature!
The wall freezes the vault warden!
The vault warden hits you with a +0 broad axe!
* * * LOW HITPOINT WARNING * * *
The wall freezes the orc wizard!
Saint Roka mumbles some strange prayers to Beogh against you.
Beogh smites you!
You die...
Saint Roka roars, "Praise to Beogh!"
Your body crumbles into a pile of gold.

######## .......# .......#
.......# ##### ##### # .......#
#..##.e##..# .# .......#
###c.##..##.8##..# .......#
#@pJo..o..c$c.....
##'########################$#####
..........................$......
.................................
.................................
.................................
................................o
..###########'##################.
..# #.. $


You could see Saint Roka, a vault warden, a slime creature, a yaktaur and an orc
wizard (strong, invisible).

Vanquished Creatures
  Zenata (Elf:2)
  Polyphemus (Shoals:4)
  Gastronok (Lair:3)
  Kirke (Elf:1)
  2 krakens
  Donald (Elf:2)
  3 nagarajas (Snake:4)
  A deep elf elementalist (Elf:1)
  An ironbound preserver (Vaults:1)
  A formless jellyfish (Shoals:4)
  A reaper (Gauntlet)
  A deep elf demonologist (Vaults:1)
  Azrael (Elf:2)
  A deep elf death mage (Elf:1)
  9 merfolk impalers
  A fire dragon (Lair:5)
  A merfolk javelineer (Shoals:4)
  2 vault guards (D:14)
  5 salamander tyrants
  Erolcha (D:11)
  Harold (D:9)
  3 hydras
  2 catoblepae
  A merfolk avatar (Shoals:1)
  Erica (Lair:2)
  4 centaur warriors
  An alligator snapping turtle (Shoals:4)
  13 anacondas
  5 boulder beetles
  4 merfolk aquamancers
  21 dancing weapons
  A satyr (Shoals:2)
  9 death yaks
  2 two-headed ogres
  16 naga warriors
  9 deep elf knights
  An orc high priest (Orc:2)
  14 naga sharpshooters
  3 shock serpents
  5 skysharks
  3 sun demons (Shoals:4)
  A skeletal warrior (D:13)
  5 salamander mystics
  Amaemon (Lair:3)
  4 naga ritualists
  4 deep elf archers (Elf:1)
  An obsidian statue (Gauntlet)
  8 sea snakes
  An arcanist (D:14)
  10 harpies
  2 ironbound convokers (Vaults:1)
  12 deep elf zephyrmancers
  Pikel (D:5)
  A kraken simulacrum (Shoals:4)
  A swamp dragon (Lair:5)
  3 necromancers (D:14)
  10 mana vipers
  A wolf spider (Lair:5)
  14 deep elf pyromancers
  7 ugly things
  5 orc knights
  5 orc sorcerers
  8 cyclopes
  9 manticores
  5 fauns
  4 guardian serpents
  20 salamanders
  Maurice (D:9)
  42 black mambas
  7 elephants
  A torpor snail (Lair:1)
  4 water nymphs
  A gargoyle (D:12)
  3 vault sentinels (Vaults:1)
  11 naga magi
  7 merfolk sirens
  A water nymph (shapeshifter) (Elf:1)
  18 cane toads
  11 komodo dragons
  A rime drake (shapeshifter) (D:13)
  A kobold demonologist (D:14)
  3 rime drakes
  An efreet (D:13)
  A yaktaur (Vaults:1)
  2 tengu conjurers (D:13)
  3 meliai (D:14)
  20 merfolk
  A troll (shapeshifter) (D:13)
  6 trolls
  A hellwing (Gauntlet)
  8 wind drakes
  2 hornets (Lair:5)
  2 polar bears
  14 blink frogs
  9 snapping turtles
  6 dream sheep
  A centaur simulacrum (D:14)
  16 slime creatures
  11 water elementals
  A shadow (D:11)
  A spriggan (shapeshifter) (Elf:1)
  4 air elementals
  5 nameless horrors
  30 yaks
  2 wraiths
  18 humans (D:14)
  13 wyverns
  5 fire elementals
  Grum (Lair:1)
  6 basilisks
  A vampire (D:13)
  4 hogs (Elf:1)
  4 fire bats (D:13)
  6 steam dragons
  3 vampire mosquitoes (D:13)
  36 nagas
  3 redbacks (Lair:5)
  6 wargs
  4 acid dragons
  26 water moccasins
  A hell hound (Elf:2)
  A sky beast (D:6)
  A swamp drake (Lair:5)
  3 ice beasts
  4 black bears
  23 orc warriors
  6 ogres
  4 boggarts (D:14)
  16 wolves
  2 centaurs
  9 kobold brigands
  8 bullfrogs
  A gnoll sergeant (D:12)
  2 earth elementals (Elf:2)
  4 scorpions
  6 wights
  6 killer bees (D:9)
  5 electric eels
  9 jellies
  13 orc priests
  3 hounds
  2 gnoll boudas (D:4)
  Crazy Yiuf (D:4)
  18 orc wizards
  8 iguanas
  17 gnolls
  11 adders
  3 shadow imps
  A white imp (D:6)
  2 ufetubi (D:5)
  A worm (D:2)
  2 dart slugs
  60 orcs
  8 ball pythons
  3 bats
  9 endoplasms
  6 giant cockroaches
  11 goblins
  5 hobgoblins
  12 jackals
  5 quokkas
  3 frilled lizards (D:1)
  18 kobolds
  8 rats
  A butterfly (Lair:3)
  A tentacle (Shoals:3)
1036 creatures vanquished.

Vanquished Creatures (collateral kills)
  Nikola (Shoals:4)
  Jorgrun (D:12)
  A titan (Shoals:3)
  Agnes (Snake:1)
  A nagaraja (Snake:4)
  An orc warlord (Orc:2)
  An ironbound thunderhulk (Vaults:1)
  A dire elephant (Lair:2)
  2 merfolk impalers
  A salamander tyrant (Snake:4)
  A hydra (Lair:5)
  5 anacondas (Snake:2)
  A merfolk avatar (Shoals:3)
  An alligator snapping turtle (Shoals:4)
  A dancing weapon (Elf:1)
  2 boulder beetles
  A satyr (Shoals:3)
  A centaur warrior (Shoals:2)
  3 naga warriors
  Sonja (Lair:2)
  2 naga sharpshooters
  A deep elf knight (Elf:2)
  2 skysharks
  4 skeletal warriors (D:13)
  3 naga ritualists
  3 sea snakes
  An ugly thing (D:14)
  A deep elf zephyrmancer (Elf:2)
  2 deep elf pyromancers (Elf:2)
  7 harpies (Shoals:2)
  A salamander (Snake:4)
  2 cyclopes (Shoals:3)
  A mana viper (Snake:2)
  A wolf spider (Lair:5)
  A manticore (Shoals:3)
  7 fauns
  A guardian serpent (Lair:5)
  6 black mambas
  3 merfolk sirens
  4 naga magi
  3 water nymphs
  An orange demon (Lair:3)
  A gargoyle (D:12)
  A cane toad (Lair:5)
  A rime drake (Lair:4)
  12 merfolk
  A polar bear (Lair:3)
  3 blink frogs (Lair:4)
  3 wind drakes
  5 dream sheep
  6 slime creatures
  4 snapping turtles
  An air elemental (Elf:1)
  2 wyverns
  6 yaks
  2 basilisks
  A steam dragon (Lair:2)
  7 nagas
  3 hell hounds
  A water moccasin (Lair:5)
  4 orc warriors
  A wolf (Lair:4)
  An ogre (Vaults:1)
  A kobold brigand (D:14)
  2 bullfrogs (Lair:4)
  2 lava snakes (D:13)
  4 orc priests
  An iguana (Lair:5)
  An orc wizard (Orc:2)
  9 orcs
  A tentacle (Shoals:4)
172 creatures vanquished.

Vanquished Creatures (others)
  A komodo dragon (Lair:5)
  A naga (Snake:4)
  A hell hound (Elf:2)
  6 tentacles
9 creatures vanquished.

Grand Total: 1217 creatures vanquished

Notes
Turn   | Place    | Note
-------+----------+-------------------------------------------
     0 | D:1      | zenocrate the Octopode Ice Elementalist began the quest for
                  | the Orb.
     0 | D:1      | Reached XP level 1. HP: 11/11 MP: 3/3
   157 | D:1      | Reached XP level 2. HP: 17/17 MP: 3/5
   644 | D:1      | Found a faded altar of an unknown god.
   797 | D:1      | Reached XP level 3. HP: 21/21 MP: 6/6
   801 | D:1      | Learned a level 3 spell: Frozen Ramparts
  1073 | D:2      | Reached skill level 5 in Ice Magic
  1178 | D:2      | Reached skill level 1 in Evocations
  1332 | D:2      | Reached XP level 4. HP: 27/27 MP: 1/7
  1979 | D:2      | Reached XP level 5. HP: 27/31 MP: 6/8
  1983 | D:2      | Learned a level 3 spell: Ozocubu's Armour
  2179 | D:3      | Found a sparkling altar of Nemelex Xobeh.
  2188 | D:3      | Found an iron altar of Okawaru.
  2538 | D:3      | Found Liagabb's Assorted Antiques.
  2548 | D:3      | Bought a scroll labelled ERIF ZUCZOAWKY for 25 gold pieces
  2548 | D:3      | Bought 2 bubbling sapphire potions for 45 gold pieces
  2548 | D:3      | Bought a scroll labelled DUNUOX TIEPYST for 25 gold pieces
  2548 | D:3      | Bought a scroll labelled JIF WURRORIOLU for 25 gold pieces
  2723 | D:3      | Gained mutation: Your mind is acute. (Int +4, Str/Dex -1)
                  | [potion of mutation]
  2723 | D:3      | Gained mutation: You occasionally lose the ability to read
                  | scrolls when taking damage. [potion of mutation]
  2723 | D:3      | Gained mutation: You passively dampen the noise of your
                  | surroundings. [potion of mutation]
  2724 | D:3      | Lost mutation: Your mind is acute. (Int +4, Str/Dex -1)
                  | [potion of mutation]
  2724 | D:3      | Lost mutation: You passively dampen the noise of your
                  | surroundings. [potion of mutation]
  2724 | D:3      | Gained mutation: Your body sometimes deteriorates upon
                  | taking damage. [potion of mutation]
  2724 | D:3      | Gained mutation: Your muscles are strong. (Str +4, Int/Dex
                  | -1) [potion of mutation]
  2724 | D:3      | Gained mutation: Your system is resistant to poisons.
                  | (rPois) [potion of mutation]
  2764 | D:4      | Reached skill level 1 in Fighting
  2771 | D:4      | Reached XP level 6. HP: 24/38 MP: 3/9
  2972 | D:4      | Found a runed translucent door.
  2973 | D:4      | Noticed Crazy Yiuf
  2980 | D:4      | Killed Crazy Yiuf
  3318 | D:4      | Reached XP level 7. HP: 44/46 MP: 3/10
  4007 | D:5      | Entered Level 5 of the Dungeon
  4087 | D:5      | Noticed Pikel
  4096 | D:5      | Paralysed by Pikel for 3 turns
  4100 | D:5      | Killed Pikel
  4101 | D:5      | Reached XP level 8. HP: 30/54 MP: 2/11
  4618 | D:5      | Reached skill level 1 in Shields
  5075 | D:5      | Found a glowing silver altar of Zin.
  5075 | D:5      | Found a white marble altar of Elyvilon.
  5075 | D:5      | Found a glowing golden altar of the Shining One.
  5101 | D:6      | Found a staircase to the Ecumenical Temple.
  5184 | D:6      | Reached skill level 3 in Spellcasting
  5184 | D:6      | Reached XP level 9. HP: 57/58 MP: 13/13
  5199 | Temple   | Entered the Ecumenical Temple
  5208 | Temple   | Became a worshipper of Gozag Ym Sagoz the Greedy
  5224 | D:6      | Lost mutation: Your system is resistant to poisons. (rPois)
                  | [potion of mutation]
  5224 | D:6      | Lost mutation: Your muscles are strong. (Str +4, Int/Dex
                  | -1) [potion of mutation]
  5224 | D:6      | Lost mutation: Your body sometimes deteriorates upon taking
                  | damage. [potion of mutation]
  5224 | D:6      | Gained mutation: You are dopey. (Int -2) [potion of
                  | mutation]
  5224 | D:6      | Gained mutation: You are very dopey. (Int -4) [potion of
                  | mutation]
  5224 | D:6      | Lost mutation: You are very dopey. (Int -4) [potion of
                  | mutation]
  6100 | D:6      | Reached skill level 4 in Spellcasting
  6359 | D:6      | Learned a level 6 spell: Dispersal
  6415 | D:3      | Bought a shimmering golden ring for 125 gold pieces
  6415 | D:3      | Identified the ring of a Billion Artists {rElec AC+4 Dex+3}
                  | (You bought it in a shop on level 3 of the Dungeon)
  6415 | D:3      | Bought a faintly glowing ruby amulet for 125 gold pieces
  6415 | D:3      | Identified the amulet "Mulu" {Acrobat Will++} (You bought
                  | it in a shop on level 3 of the Dungeon)
  6777 | D:7      | Reached skill level 5 in Fighting
  7072 | D:7      | Found a shimmering blue altar of Sif Muna.
  7072 | D:7      | Found a glowing golden altar of the Shining One.
  7072 | D:7      | Found a glowing silver altar of Zin.
  7072 | D:7      | Found a shimmering altar of Xom.
  7072 | D:7      | Found a hide-covered altar of Uskayaw.
  7072 | D:7      | Found a bloodstained altar of Trog.
  7162 | D:7      | Reached skill level 5 in Spellcasting
  7162 | D:7      | Reached skill level 5 in Evocations
  7162 | D:7      | Reached XP level 10. HP: 27/66 MP: 9/17
  7877 | D:8      | Noticed a two-headed ogre
  7886 | D:8      | Killed a two-headed ogre
  8253 | D:8      | Learned a level 2 spell: Blink
  8870 | D:9      | Reached skill level 5 in Dodging
  9076 | D:9      | Noticed Maurice
  9131 | D:9      | Killed Maurice
  9200 | D:9      | Noticed Harold
  9217 | D:9      | Killed Harold
  9218 | D:9      | Reached skill level 6 in Spellcasting
  9232 | D:9      | Reached XP level 11. HP: 50/73 MP: 1/20
  9233 | D:9      | Reached skill level 10 in Ice Magic
  9263 | D:9      | Found a staircase to the Lair.
  9842 | D:9      | Reached skill level 5 in Shields
 10146 | D:10     | Entered Level 10 of the Dungeon
 10297 | D:10     | Found a staircase to the Orcish Mines.
 10382 | Lair:1   | Entered Level 1 of the Lair of Beasts
 10971 | Lair:1   | Bought a scroll of teleportation for 42 gold pieces
 10971 | Lair:1   | Bought a scroll of fear for 56 gold pieces
 10971 | Lair:1   | Bought a scroll of blinking for 105 gold pieces
 10971 | Lair:1   | Bought 2 scrolls of identify for 56 gold pieces
 10971 | Lair:1   | Bought a scroll of identify for 28 gold pieces
 11203 | Lair:1   | Reached skill level 7 in Spellcasting
 11366 | Lair:1   | Found a broken altar of Ashenzari.
 11610 | Lair:1   | Reached XP level 12. HP: 69/81 MP: 2/23
 11924 | Lair:1   | Noticed Grum
 11949 | Lair:1   | Killed Grum
 12648 | Lair:2   | Noticed a four-headed hydra
 12662 | Lair:2   | Killed a four-headed hydra
 12816 | Lair:2   | Learned a level 4 spell: Summon Ice Beast
 12875 | Lair:2   | Noticed Erica
 12891 | Lair:2   | Killed Erica
 12984 | Lair:2   | Found a transporter.
 12987 | Lair:2   | Found a transporter.
 12988 | Lair:2   | Found a bloodstained altar of Trog.
 12992 | Lair:2   | Noticed Hokhlit's ghost (journeyman MiBe)
 13252 | Lair:2   | Noticed a dire elephant
 13254 | Lair:2   | Noticed a death yak
 13448 | Lair:2   | Killed a dire elephant
 13449 | Lair:2   | Reached skill level 8 in Spellcasting
 13675 | Lair:2   | Killed a death yak
 13927 | Lair:2   | Noticed an anaconda
 13939 | Lair:2   | Killed an anaconda
 14339 | Lair:2   | Found a staircase to the Shoals.
 14346 | Lair:2   | Found a transporter.
 14349 | Lair:2   | Found a transporter.
 14350 | Lair:2   | Noticed a boulder beetle
 14469 | Lair:2   | Noticed Sonja
 14498 | Lair:2   | Killed Sonja
 14499 | Lair:2   | Reached skill level 1 in Translocations
 14644 | Lair:2   | Reached XP level 13. HP: 39/90 MP: 19/25
 15435 | Lair:3   | Reached skill level 9 in Spellcasting
 15453 | Lair:3   | Noticed Gastronok
 15717 | Lair:3   | Noticed Amaemon
 15734 | Lair:3   | Killed Amaemon
 17039 | Lair:3   | Killed Gastronok
 17197 | Lair:3   | Found a staircase to the Snake Pit.
 17814 | Lair:4   | Reached skill level 10 in Fighting
 18606 | Lair:4   | Reached XP level 14. HP: 94/99 MP: 15/27
 19115 | Lair:1   | Bought Sif Muna's Guide on Summoned Battling for 264 gold
                  | pieces
 19122 | Lair:1   | Learned a level 6 spell: Starburst
 19314 | Lair:4   | Reached skill level 10 in Spellcasting
 19432 | Lair:4   | Reached skill level 1 in Fire Magic
 19668 | Gauntlet | Identified the of Gaebun
 19668 | Lair:5   | Entered Level 5 of the Lair of Beasts
 19684 | Lair:5   | Reached skill level 1 in Conjurations
 19715 | Lair:5   | Reached skill level 1 in Summonings
 19924 | Lair:5   | Found a gate leading to a gauntlet.
 19933 | Gauntlet | Entered a Gauntlet
 19933 | Gauntlet | Found a transporter.
 19995 | Gauntlet | Found a transporter.
 20010 | Gauntlet | Found a transporter.
 20011 | Gauntlet | Found a transporter.
 20023 | Gauntlet | Found a transporter.
 20041 | Gauntlet | Found a transporter.
 20043 | Gauntlet | Noticed a reaper
 20054 | Gauntlet | Found a transporter.
 20076 | Gauntlet | Found a transporter.
 20078 | Gauntlet | Found a transporter.
 20086 | Gauntlet | Found a transporter.
 20116 | Gauntlet | Found a transporter.
 20116 | Gauntlet | Found a transporter.
 20337 | Gauntlet | Killed a reaper
 20476 | Gauntlet | Identified the ring "Kudgh" {rCorr EV+5 Int-2 Dex+5}
 20519 | Gauntlet | Found the ring of the Octopus King
 20528 | Gauntlet | Identified the +1 robe of Peek-a-Boo {Str+3 Slay+3}
 20532 | Gauntlet | Identified a ring of the Octopus King {rCorr HP+2 AC+2 EV+2
                  | SH+2}
 21035 | Lair:5   | Learned a level 4 spell: Summon Lightning Spire
 21601 | Lair:5   | Reached skill level 10 in Shields
 22247 | Lair:5   | Reached skill level 10 in Dodging
 22376 | Lair:5   | Found a staircase to the Slime Pits.
 22377 | Lair:5   | Found a viscous altar of Jiyva.
 23098 | Lair:1   | Bought a potion of haste for 150 gold pieces
 23098 | Lair:1   | Bought a potion of mutation for 120 gold pieces
 23098 | Lair:1   | Bought a potion of haste for 150 gold pieces
 23098 | Lair:1   | Bought a potion of resistance for 150 gold pieces
 23098 | Lair:1   | Lost mutation: You are dopey. (Int -2) [potion of mutation]
 23098 | Lair:1   | Lost mutation: You occasionally lose the ability to read
                  | scrolls when taking damage. [potion of mutation]
 23098 | Lair:1   | Gained mutation: Your system is resistant to poisons.
                  | (rPois) [potion of mutation]
 23098 | Lair:1   | Gained mutation: You are dopey. (Int -2) [potion of
                  | mutation]
 23098 | Lair:1   | Gained mutation: Your spells are a little harder to cast,
                  | but a little more powerful. [potion of mutation]
 23155 | Orc:1    | Entered Level 1 of the Orcish Mines
 23475 | Orc:1    | Reached XP level 15. HP: 107/107 MP: 17/29
 24159 | Orc:2    | Entered Level 2 of the Orcish Mines
 24182 | Orc:1    | Reached skill level 1 in Air Magic
 24798 | Orc:2    | Found Ybboupu's General Store.
 25081 | Orc:2    | Found a staircase to the Elven Halls.
 25126 | Orc:2    | Noticed an orc warlord
 25614 | Orc:2    | Killed an orc warlord
 25773 | Orc:2    | Bought a scroll of revelation for 90 gold pieces
 25773 | Orc:2    | Bought a scroll of teleportation for 36 gold pieces
 25773 | Orc:2    | Bought a potion of cancellation for 96 gold pieces
 25786 | Orc:2    | Found Jeceryi's Jewellery Emporium.
 25888 | Orc:2    | Found Isots's Weapon Emporium.
 25969 | Orc:2    | Found Quyge's Antique Weapon Emporium.
 26230 | Orc:2    | Found Seist's Antique Armour Emporium.
 26339 | Lair:1   | Bought a crude turquoise ring for 160 gold pieces
 26339 | Lair:1   | Identified the ring of Faabruat {Str+7 Int+6} (You bought
                  | it in a shop on level 1 of the Lair of Beasts)
 26422 | Vaults:5 | Identified the of Mauluni
 26422 | Elf:1    | Entered Level 1 of the Elven Halls
 26443 | Elf:1    | Paralysed by an air elemental for 1 turns
 26602 | Elf:1    | Noticed a deep elf elementalist
 26621 | Elf:1    | Killed a deep elf elementalist
 26833 | Elf:1    | Paralysed by an air elemental for 1 turns
 26903 | Elf:1    | Noticed Kirke
 26924 | Elf:1    | Killed Kirke
 27204 | Elf:1    | Reached skill level 11 in Spellcasting
 27480 | D:10     | Found Vyfahois's Distillery.
 27488 | D:10     | Bought a potion of curing for 39 gold pieces
 27488 | D:10     | Bought a potion of curing for 39 gold pieces
 27488 | D:10     | Bought a potion of curing for 39 gold pieces
 27488 | D:10     | Bought a potion of haste for 130 gold pieces
 27488 | D:10     | Bought a potion of resistance for 130 gold pieces
 27488 | D:10     | Bought a potion of invisibility for 104 gold pieces
 27488 | D:10     | Bought a potion of might for 52 gold pieces
 27947 | Shoals:1 | Entered Level 1 of the Shoals
 27970 | Shoals:1 | Reached skill level 5 in Conjurations
 28039 | Shoals:1 | Reached skill level 5 in Fire Magic
 28088 | Shoals:1 | Found a runed translucent gate.
 28089 | Shoals:1 | Found a runed translucent gate.
 28990 | Shoals:1 | Found a runed translucent gate.
 28991 | Shoals:1 | Noticed Qoegeopn's ghost (journeyman DsCj)
 29086 | Shoals:1 | Found a runed translucent door.
 29087 | Shoals:1 | Identified a scroll of acquirement
 29781 | Shoals:1 | Reached XP level 16. HP: 92/115 MP: 23/31
 30026 | Shoals:1 | Reached skill level 5 in Translocations
 30048 | Shoals:1 | Reached skill level 5 in Summonings
 30225 | Lair:1   | Bought the Guide on the Flashy Dragon for 552 gold pieces
 30232 | Lair:1   | Learned a level 6 spell: Plasma Beam
 31029 | Shoals:2 | Reached skill level 5 in Air Magic
 32115 | Snake:1  | Entered Level 1 of the Snake Pit
 32134 | Snake:1  | Noticed Agnes
 32147 | Snake:1  | Killed Agnes
 33069 | Snake:1  | Reached skill level 1 in Shapeshifting
 33969 | D:11     | Noticed Erolcha
 33992 | D:11     | Killed Erolcha
 34099 | D:11     | Found Wixzis's Distillery.
 34243 | D:11     | Found a shimmering altar of Xom.
 34245 | D:11     | Found a shimmering altar of Xom.
 34246 | D:11     | Found a shimmering altar of Xom.
 34737 | D:11     | Acquired 581 gold pieces
 34739 | D:11     | Acquired 617 gold pieces
 34741 | D:11     | Acquired the ring of the Equinox {Will+ EV+5 Stlth+}
 34787 | D:12     | Found a transporter.
 34788 | D:12     | Found a transporter.
 35059 | D:12     | Found a transporter.
 35059 | D:12     | Found a transporter.
 35199 | D:12     | Found a transporter.
 35217 | D:12     | Found a transporter.
 35542 | D:12     | Noticed Jorgrun
 35556 | D:12     | Killed Jorgrun
 36385 | Orc:2    | Bought a runed hat for 217 gold pieces
 36701 | Lair:1   | Bought the ring of Tomaate {Will+++ Str-4 Int+6 Dex+3} for
                  | 1240 gold pieces
 37017 | Shoals:3 | Reached skill level 12 in Spellcasting
 37678 | Shoals:3 | Reached XP level 17. HP: 92/120 MP: 3/33
 38360 | Shoals:3 | Learned a level 5 spell: Fireball
 38453 | Shoals:3 | Noticed a titan
 38479 | Shoals:3 | Killed a titan
 38799 | Shoals:3 | Noticed a kraken
 38808 | Shoals:3 | Killed a kraken
 38809 | Shoals:3 | Reached XP level 18. HP: 126/126 MP: 7/34
 38810 | Shoals:3 | Identified the "Ruqi" (You acquired it on level 3 of the
                  | Shoals)
 38810 | Shoals:3 | Acquired the Opusculum on Windy Firn
 38813 | Shoals:3 | Acquired 1007 gold pieces
 39427 | Lair:1   | Bought the ring "Downisku" {Str-5 Int+6 Dex+6} for 811 gold
                  | pieces
 39449 | Lair:1   | Learned a level 7 spell: Ozocubu's Refrigeration
 40479 | D:13     | Identified the ring of Ycuomnyo {Drain rCorr Str+5 Dex+6}
 41014 | Shoals:4 | Entered Level 4 of the Shoals
 41014 | Shoals:4 | Noticed Polyphemus
 41017 | Shoals:4 | Reached skill level 1 in Unarmed Combat
 41670 | Shoals:4 | Killed Polyphemus
 41746 | Shoals:4 | Noticed Nikola
 41916 | Shoals:4 | Killed Nikola
 41996 | Shoals:4 | Identified the +6 chain mail of the Unicorn {Harm rCorr
                  | Str+2 Int-3}
 42427 | Shoals:4 | Reached skill level 10 in Fire Magic
 42645 | Shoals:4 | Reached skill level 13 in Spellcasting
 42822 | Shoals:4 | Paralysed by a formless jellyfish for 1 turns
 42829 | Shoals:4 | Reached skill level 10 in Conjurations
 43869 | Shoals:4 | Got a barnacled rune of Zot
 44081 | Lair:1   | Bought a potion of invisibility for 320 gold pieces
 44081 | Lair:1   | Bought a scroll of amnesia for 160 gold pieces
 44228 | Elf:1    | Found Obaufuh's Armour Shoppe.
 44253 | Elf:1    | Reached XP level 19. HP: 132/132 MP: 21/36
 44319 | Elf:1    | Found Yfuis's Book Boutique.
 45474 | Snake:2  | Reached skill level 5 in Shapeshifting
 47536 | Elf:1    | Found Urchakhle's Weapon Shoppe.
 47788 | Elf:1    | Found Maimm's Self-Improvement Boutique.
 47796 | Elf:1    | Bought a manual of Shapeshifting for 960 gold pieces
 47904 | Elf:1    | Found Sysiypoy's Book Emporium.
 47924 | Elf:1    | Learned a level 3 spell: Swiftness
 48158 | D:13     | Reached skill level 5 in Unarmed Combat
 49203 | Elf:1    | Bought a manual of Conjurations for 960 gold pieces
 50482 | Snake:4  | Entered Level 4 of the Snake Pit
 50658 | Snake:4  | Found Ekki's General Store.
 50662 | Snake:4  | Found Qusty's Antique Weapon Emporium.
 50809 | Snake:4  | Reached XP level 20. HP: 139/139 MP: 1/37
 52202 | Snake:4  | Got a serpentine rune of Zot
 53159 | Elf:2    | Reached skill level 14 in Spellcasting
 53228 | Elf:1    | Found an ancient bone altar of Kikubaaqudgha.
 53342 | Elf:2    | Paralysed by an air elemental for 1 turns
 53447 | Elf:2    | Found a runed translucent gate.
 53449 | Elf:2    | Found a runed translucent gate.
 53449 | Elf:2    | Found a runed translucent gate.
 53494 | Elf:2    | Noticed Donald
 53505 | Elf:2    | Killed Donald
 53615 | Elf:2    | Found a runed translucent door.
 53629 | Elf:2    | Noticed Seka's ghost (adept OpSh)
 53673 | Elf:2    | Found a radiant altar of Vehumet.
 53696 | Elf:2    | Noticed Zenata
 53707 | Elf:2    | Killed Zenata
 53842 | Elf:2    | Identified the +5 battleaxe "Emit" {freeze, *Noise rCorr
                  | Str+3 SInv}
 54057 | Elf:2    | Noticed Azrael
 54540 | Elf:2    | Killed Azrael
 56087 | D:14     | Found Yttiel's Antique Weapon Boutique.
 56194 | D:14     | Found Fahuext's Antique Weapon Shoppe.
 56358 | D:14     | Found Umaoxta's Jewellery Shoppe.
 56390 | D:14     | Found Esomysic's Antique Weapon Shop.
 56434 | D:14     | Found Ruaros's Armour Shop.
 56553 | D:14     | Found a gate to the Vaults.
 56609 | D:14     | Bought the +0 mask of the Dragon {Will+ Slay+3 SInv} for
                  | 400 gold pieces
 56609 | D:14     | Found the +0 mask of the Dragon {Will+ Slay+3 SInv}
 56934 | D:15     | Entered Level 15 of the Dungeon
 56980 | Vaults:1 | Entered Level 1 of the Vaults
 57305 | Vaults:1 | Noticed Saint Roka
 57335 | Vaults:1 | HP: 5/142 [vault warden/+0 broad axe (17)]
 57335 | Vaults:1 | Killed from afar by Saint Roka

Illustrated notes

Levels and vault maps discovered:
D:1:      minmay_arrival_four_loops, layout_loops_cross,
          hellmonk_ecumenical_altar_inner_sanctum
D:2:      cheibrodos_pilgrimage, layout_loops_ring, kennysheep_nub
D:3:      layout_rooms, amethyst_overflow_temple_binary, serial_shops, shop
D:4:      layout_loops_ring, portal_sewer_entry_f, chequers_big_river,
          uniq_crazy_yiuf_cottage
D:5:      layout_rooms, good_gods_mini_temple, kennysheep_generic_room_12,
          uniq_pikel
D:6:      layout_cave_pools, minmay_temple_entry_tees
D:7:      cheibrodos_fertilizer, layout_basic
D:8:      layout_cave_pools
D:9:      layout_gridville, due_lair_maze_entry_diamond,
          kennysheep_generic_room_3, uniq_maurice, uniq_harold
D:10:     layout_gridville, orc_0_dummy, hangedman_decor_riveting,
          minmay_shop_grid_forest
D:11:     layout_loops_ring, serial_shops, shop, xom_redecorated, uniq_erolcha
D:12:     layout_basic, serial_nicolae_subway, nicolae_sub_station_metal,
          nicolae_sub_station_stone, nicolae_sub_station_crystal, uniq_jorgrun
D:13:     layout_roguey, hangedman_incinerator
D:14:     layout_rooms, grunt_vaults_entry_tiered, serial_shops,
          nicolae_shop_scrapyard, nicolae_shop_crystal, shop_fountains,
          nicolae_square_shop, shop_fountains
D:15:     hangedman_slaughterboxes
Temple:   nicolae_temple_bog_church
Lair:1:   layout_concentric_octagons, basic_altar, grunt_megastairs_2,
          infiniplex_staircase_pool, lemuel_fruit_tree, serial_bayou_shore_a,
          uniq_grum
Lair:2:   gammafunk_boulding_lane, layout_gridlike, shoals_dummy_entry,
          gammafunk_ghost_wrathful_warriors, nicolae_lair_lakeside_cave,
          uniq_erica, uniq_sonja
Lair:3:   layout_big_grid, minmay_snake_entry_spellcaster, lemuel_fruit_fields,
          serial_bayou_shore_b, uniq_amaemon, uniq_gastronok
Lair:4:   layout_regular_city
Lair:5:   hangedman_lair_tendril_chambers, layout_long_grid,
          guppyfry_lair_end_dragon, slime_entry_1, gauntlet_entry_generic,
          serial_bayou_shore_b
Shoals:1: nicolae_shoals_offshore_bank_account, layout_shoals,
          ebering_ghost_rock_garden, nicolae_shoals_lost_giant_pillars
Shoals:2: layout_shoals, portal_ice_cave_entry_pillars_1
Shoals:3: cheibrodos_shoals_gigantism, layout_shoals
Shoals:4: shoals_end_grunt_ice, layout_shoals, nicolae_shoals_sun_and_surf,
          uniq_polyphemus, uniq_nikola
Snake:1:  layout_onion_interference, nicolae_integral_box, uniq_agnes
Snake:2:  layout_misc_corridors, nicolae_snake_scaly_snakehead
Snake:3:  layout_onion_interference
Snake:4:  minmay_snake_end_coiled, layout_gridlike, serial_bayou_shore_b,
          serial_bayou_shore_b, minmay_shop_star
Orc:1:    layout_caves, minmay_orc_temple_b
Orc:2:    grunt_orc_cross, layout_caves, serial_shops, shop,
          nicolae_orc_lava_room
Elf:1:    layout_loops_corners, serial_shops, nicolae_shop_back_alley_shop,
          shop_statue, shop, nicolae_shop_advertising_works
          [nicolae_subvault_shop_adworks], minmay_elf_crystal_hexagon,
          nicolae_shop_self_help, lemuel_upstairs_altar, uniq_kirke
Elf:2:    nicolae_elf_blades_crystal_corner, layout_rooms, basic_altar,
          gammafunk_ghost_grave, uniq_azrael, uniq_zenata, uniq_donald
Vaults:1: nicolae_vaults_little_squares_3, v_misc_19, dpeg_vaults_monster_row,
          nicolae_vaults_storage_closets_1, nicolae_vaults_know_your_exits,
          v_misc_9, ontoclasm_vaults_pinch, ontoclasm_vaults_twist,
          vaults_dpeg_spiral, nicolae_vaults_rhombus_5, nicolae_vaults_six-pack,
          nicolae_vaults_sesquioval_fish, hangedman_vaults_stretched_pinwheel,
          layout_vaults_ring, uniq_saint_roka

Skill      XL: |  1  2  3  4  5  6  7  8  9 10 11 12 13 14 15 16 17 18 19 20 |
---------------+-------------------------------------------------------------+-----
Ice Magic      | 5 6 8 9 10 11 12 13 | 13.9
Evocations     | 2 3 5 6 7 |  7.6
Fighting       | 1 3 4 5 6 7 9 10 11 12 13 | 13.3
Stealth        | 6 |  6.6
Shields        | 1 3 4 6 7 9 10 | 10.4
Spellcasting   | 3 5 6 7 8 9 10 11 12 13 14 | 14.3
Dodging        | 4 5 6 7 9 10 | 10.3
Translocations | 1 4 5 |  5.0
Fire Magic     | 3 5 7 8 10 11 | 11.9
Conjurations   | 3 5 8 10 11 13 | 13.0
Summonings     | 2 4 6 |  6.6
Air Magic      | 4 6 7 |  7.6
Shapeshifting  | 2 3 7 9 |  9.4
Unarmed Combat | 3 5 7 |  7.9

Action                     |  1- 3 |  4- 6 |  7- 9 | 10-12 | 13-15 | 16-18 | 19-21 || total
---------------------------+-------+-------+-------+-------+-------+-------+-------++-------
  Melee: Unarmed           |     2 |       |       |       |       |       |       ||     2
         Staff             |    24 |     9 |       |       |    59 |   412 |   492 ||   996
         Constrict         |     9 |    20 |    30 |    37 |   112 |    60 |    80 ||   348
         Tentacles         |     5 |    16 |    34 |    62 |   232 |   163 |   180 ||   692
         Dagger            |       |    71 |    66 |       |       |       |       ||   137
         Punch             |       |     1 |       |     4 |    13 |    18 |    33 ||    69
         Whip              |       |       |    51 |   222 |   599 |       |       ||   872
         Demon trident     |       |       |       |       |     1 |     7 |       ||     8
   Cast: Freeze            |    32 |    21 |    22 |   135 |   140 |    34 |       ||   384
         Frozen Ramparts   |     1 |     5 |    28 |    60 |   127 |    78 |    81 ||   380
         Ozocubu's Armour  |       |     5 |    20 |    54 |   110 |    59 |    57 ||   305
         Summon Ice Beast  |       |       |       |     7 |    70 |    37 |       ||   114
         Blink             |       |       |       |       |     5 |       |     3 ||     8
         Summon Lightning  |       |       |       |       |       |    82 |    45 ||   127
         Fireball          |       |       |       |       |       |    94 |   102 ||   196
         Ozocubu's Refrige |       |       |       |       |       |     4 |    52 ||    56
         Starburst         |       |       |       |       |       |       |    14 ||    14
         Plasma Beam       |       |       |       |       |       |       |     1 ||     1
 Invoke: Call Merchant     |       |       |       |     1 |     3 |     2 |       ||     6
         Potion Petition   |       |       |       |       |     2 |       |     4 ||     6
  Evoke: Wand              |       |     1 |     3 |     3 |    30 |    11 |    26 ||    74
    Use: Scroll            |       |     6 |     7 |    10 |    21 |    15 |    10 ||    69
         Potion            |       |     3 |     1 |     3 |    21 |     1 |    11 ||    40
   Stab: Sleeping          |     6 |     8 |    11 |     8 |     9 |     8 |     3 ||    53
         Distracted        |       |       |     2 |     1 |    11 |    11 |     9 ||    34
         Invisible         |       |       |       |       |     1 |     1 |     1 ||     3
 Armour: Skin              |    20 |    57 |    87 |   222 |   549 |   259 |   377 ||  1571
  Dodge: Dodged            |    27 |    57 |    94 |   291 |   959 |   632 |   599 ||  2659
  Block: Buckler           |       |       |     8 |   106 |   524 |   338 |   394 ||  1370

Table legend: (Time is in decaauts)
 A = Elapsed time spent in this place.
 B = Non-inter-level travel time spent in this place.
 C = Inter-level travel time spent in this place.
 D = Time resting spent in this place.
 E = Time spent auto-exploring this place.
 F = Levels seen in this place.
 G = Mean time per level.
                   A        B        C        D        E       F      G
               +--------+--------+--------+--------+--------+-----+--------+
         Total |  57773 |  51014 |   6759 |   1353 |  39681 |  35 | 1650.7 |
       Dungeon |  18512 |  15361 |   3151 |    419 |  12277 |  15 | 1234.1 |
        Temple |     17 |     10 |      7 |      0 |      0 |   1 |   17.0 |
          Lair |  13565 |  11954 |   1611 |    188 |   9329 |   5 | 2713.0 |
        Shoals |   9017 |   8736 |    281 |    201 |   6933 |   4 | 2254.2 |
     Snake Pit |   8188 |   7414 |    774 |     60 |   5981 |   4 | 2047.0 |
  Orcish Mines |   3613 |   3056 |    557 |    303 |   1999 |   2 | 1806.5 |
   Elven Halls |   3889 |   3515 |    374 |     74 |   2555 |   2 | 1944.5 |
        Vaults |    362 |    362 |      0 |      0 |    255 |   1 |  362.0 |
      Gauntlet |    606 |    606 |      0 |    108 |    350 |   1 |  606.0 |
               +--------+--------+--------+--------+--------+-----+--------+

Top non-repeatable levels by time:
  Lair:2: 3660 daAuts
  Lair:1: 3124 daAuts
 Snake:2: 3113 daAuts
  Lair:5: 2781 daAuts
Shoals:4: 2736 daAuts
  Lair:3: 2380 daAuts
Shoals:1: 2357 daAuts
Shoals:3: 2254 daAuts
     D:9: 2191 daAuts
   Elf:1: 2159 daAuts
 Snake:4: 2137 daAuts
    D:10: 1953 daAuts
   Orc:2: 1893 daAuts
   Elf:2: 1729 daAuts
 Snake:1: 1722 daAuts
